 Dungeon Crawl Stone Soup version 0.32-a0-933-ga8fa3634e4 (webtiles) character file.

Game seed: 2955139865596336445

1965 Sabo the Cudgeller (level 9, -3/64 (65) HPs)
             Began as a Coglin Artificer on Apr 14, 2024.
             Was an Initiate of Ashenzari.
             Engulfed by a steam dragon's steam (5 damage)
             ... on level 6 of the Dungeon.
             The game lasted 00:32:26 (6488 turns).

Sabo the Cudgeller (Coglin Artificer)               Turns: 6488, Time: 00:32:26

HP:   -3/64 (65)    AC: 15    Str: 17    XL:     9   Next: 19%
MP:   1/9           EV:  9    Int: 10    God:    Ashenzari [......]
Gold: 333           SH:  0    Dex: 15    Spells: 8/8 levels left

rFire   . . .        m - +0 flail (protect) {Agustín}
rCold   . . .        g - +3 flail {Xiuying}
rNeg    . . .        j - +1 scale mail
rPois   .            (no helmet)
rElec   .            (no cloak)
rCorr   .            (no gloves)
SInv    .            (no boots)
Will    .....        (amulet unavailable) Stlth
                     (ring unavailable)
HPRegen 0.30/turn    (ring unavailable)
MPRegen 0.11/turn    (no gizmo)

%: no passive effects
@: under a protective aura, lightly drained, revved
A: off-hand wielding, slow wielding, warmup strikes, no jewellery
a: Invent Gizmo, Renounce Religion, Curse Item


You were on level 6 of the Dungeon.
You worshipped Ashenzari.
Ashenzari was noncommittal.
You visited 1 branch of the dungeon, and saw 7 of its levels.
You also visited: Sewer.

You collected 333 gold pieces.

Inventory:

Hand Weapons
 a - a +0 sling
 g - a +3 flail (offhand) {Xiuying}
 i - a +0 hand axe {Ximena}
 m - a +0 flail of protection (weapon) {Agustín}
 n - a +1 heavy hand axe
Missiles
 b - 10 poisoned darts (quivered)
 p - 3 boomerangs
 B - 2 curare-tipped darts
 F - a throwing net
Armour
 j - a +1 scale mail (worn)
Talismans
 y - a flux talisman
 E - a serpent talisman
Wands
 c - a wand of flame (10)
 d - a wand of charming (15)
 e - a wand of iceblast (3)
 G - a wand of warping (9)
Scrolls
 l - a scroll of enchant armour
 v - a scroll of blinking
 z - a scroll of teleportation
Potions
 k - 2 potions of ambrosia {unknown}
 o - a potion of berserk rage {unknown}
 q - 3 potions of haste
 r - a potion of lignification {unknown}
 s - 2 potions of enlightenment {unknown}
 t - 2 potions of curing {unknown}
 u - a potion of heal wounds {unknown}
 w - a potion of degeneration {unknown}
 x - a potion of attraction {unknown}
 A - a potion of resistance {unknown}
 D - 3 potions of invisibility {unknown}


   Skills:
 + Level 4.1 Fighting
 + Level 1.0(1.3) Short Blades
 + Level 1.2(1.5) Long Blades
 + Level 2.1(5.0) Axes
 + Level 6.6(6.8) Maces & Flails
 + Level 1.3 Throwing
 + Level 5.2 Armour
 + Level 3.0 Dodging
 + Level 1.1 Stealth
 + Level 5.3 Evocations


You had 8 spell levels left.
You didn't know any spells.
Your spell library contained the following spells:

 Spells                   Type           Power      Damage    Failure   Level
 Magic Dart               Conj           0%         1d3       75%         1
 Blink                    Tloc           0%         N/A       87%         2
 Call Imp                 Summ           0%         N/A       87%         2
 Ensorcelled Hibernation  Hex/Ice        0%         N/A       87%         2
 Passwall                 Erth           0%         N/A       98%         3
 Sigil of Binding         Hex            0%         N/A       98%         3
 Swiftness                Air            0%         N/A       98%         3
 Death Channel            Necr           0%         N/A       100%        6
 Sculpt Simulacrum        Ice/Alch       0%         N/A       100%        6


Dungeon Overview and Level Annotations

Branches:
Dungeon (7/15)             Temple (0/1) D:6           Sewer (visited)

Altars:
Ashenzari
Fedhas
Vehumet


Innate Abilities, Weirdness & Mutations

You can wield a second weapon in your off-hand.
It takes a long time for you to wield or remove held weapons.
Your first few attacks do less damage.
You cannot equip rings or amulets.


Message History

The steam dragon is lightly wounded.
You barely miss the steam dragon with your +0 flail of protection.
The steam dragon barely misses you. The steam dragon claws you.
The orc warrior hits you from afar with a +1 antimagic glaive!
An orc comes into view. It is wielding a +0 club.
The wight misses you. The steam dragon barely misses you.
The steam dragon claws you. The wight closely misses you.
The orc warrior hits you but does no damage.
The orc moves out of view.
The wight hits you with a +3 mace.
You feel drained. The steam dragon bites you. The steam dragon claws you.
The orc warrior barely misses you.
You climb upwards.
There is a stone staircase leading down here.
You hit the wight but do no damage.
The wight is severely damaged.
You hit the wight but do no damage.
Your weapon exudes an aura of protection.
The wight hits you with a +3 mace.
* * * LOW HITPOINT WARNING * * *
You feel drained.
* * * LOW HITPOINT WARNING * * *
The steam dragon bites you but does no damage.
The steam dragon claws you but does no damage.
You hit the wight with your +3 flail.
You destroy the wight!
The steam dragon breathes steam at you. The ball of steam hits you!
* * * LOW HITPOINT WARNING * * *
You hit the steam dragon but do no damage.
The steam dragon is lightly wounded.
You closely miss the steam dragon with your +3 flail.
You are engulfed in a cloud of scalding steam.
* * * LOW HITPOINT WARNING * * *
The steam dragon bites you but does no damage.
The steam dragon closely misses you.
As you read the scroll of fear, it crumbles to dust.
You assume a fearsome visage.
The steam dragon looks frightened!
You are engulfed in a cloud of scalding steam.
You die...

#### #'##......###....
##..# ♣.♣##...).# .....
##...#♣...♣#...))#...##.
#.#..#♣.>.♣#..)...# ####
##....#♣...♣#......#. ...
#.....##♣♣♣##..#.....##..
#......#####......#..##..
###.....)§.......##### ..
#....)@)#....#....####.
#....D#####..#..... ...
#.....## #.####..###.#
##.....####..####.#.#.#
##.....#...###........
####.................
##..#.##..........
###....#..........
#...............##


You could see a steam dragon (fleeing, catching breath).

Vanquished Creatures
  A steam dragon (D:7)
  Pargi (Sewer)
  3 black bears
  3 ogres
  2 bullfrogs
  2 scorpions (D:5)
  2 wights
  A killer bee (D:6)
  2 hounds (D:5)
  3 jellies
  A gnoll bouda (D:6)
  An orc priest (D:3)
  A sleepcap (D:6)
  4 iguanas
  5 orc wizards
  Natasha (twice) (D:3)
  13 gnolls
  5 adders
  A shadow imp (D:6)
  A white imp (D:6)
  2 dart slugs
  2 ribbon worms
  14 orcs
  7 ball pythons
  15 bats
  8 endoplasms
  5 giant cockroaches
  8 goblins
  10 hobgoblins
  7 jackals
  10 kobolds
  A quokka (D:1)
  2 frilled lizards
  7 rats
152 creatures vanquished.

Notes
Turn   | Place    | Note
-------+----------+-------------------------------------------
     0 | D:1      | Sabo the Coglin Artificer began the quest for the Orb.
     0 | D:1      | Reached XP level 1. HP: 15/15 MP: 1/1
   170 | D:1      | Reached XP level 2. HP: 21/21 MP: 2/2
   485 | D:1      | Reached XP level 3. HP: 19/26 MP: 3/3
  1100 | D:1      | Reached skill level 1 in Dodging
  1741 | D:2      | Reached skill level 1 in Short Blades
  1749 | D:2      | Reached XP level 4. HP: 32/32 MP: 4/4
  2294 | D:3      | Noticed Natasha
  2304 | D:3      | Killed Natasha
  2553 | D:3      | Noticed Natasha
  2598 | D:3      | Reached skill level 1 in Long Blades
  2598 | D:3      | Reached skill level 1 in Axes
  2598 | D:3      | Reached skill level 1 in Maces & Flails
  2598 | D:3      | Reached XP level 5. HP: 33/38 MP: 5/5
  2676 | D:3      | Killed Natasha
  2677 | D:3      | Reached skill level 1 in Stealth
  2686 | D:3      | Reached skill level 2 in Maces & Flails
  2686 | D:3      | Reached XP level 6. HP: 10/44 MP: 6/6
  3164 | D:4      | Found a broken altar of Ashenzari.
  3215 | D:4      | Became a worshipper of Ashenzari the Shackled
  3296 | D:4      | Found a glowing drain.
  3393 | Sewer    | Entered a sewer
  3485 | Sewer    | Noticed Pargi
  3492 | Sewer    | Killed Pargi
  3493 | Sewer    | Reached skill level 3 in Maces & Flails
  3493 | Sewer    | Reached XP level 7. HP: 47/51 MP: 7/7
  3622 | D:4      | Reached skill level 5 in Evocations
  3907 | D:4      | HP: 1/51 [ogre/+0 giant club (13)]
  4199 | D:5      | Entered Level 5 of the Dungeon
  4231 | D:5      | Reached skill level 4 in Maces & Flails
  4496 | D:5      | Found a blossoming altar of Fedhas.
  4515 | D:5      | Found a radiant altar of Vehumet.
  4669 | D:5      | Reached XP level 8. HP: 57/57 MP: 8/8
  5091 | D:6      | Reached skill level 5 in Maces & Flails
  5187 | D:6      | Reached skill level 1 in Throwing
  5622 | D:6      | Found a staircase to the Ecumenical Temple.
  5956 | D:6      | Reached skill level 6 in Maces & Flails
  5996 | D:7      | Reached skill level 5 in Armour
  5996 | D:7      | Reached XP level 9. HP: 20/65 MP: 9/9
  6487 | D:6      | HP: 2/64 [steam dragon] (8)]
  6488 | D:6      | Engulfed by a steam dragon's steam

Illustrated notes

Levels and vault maps discovered:
D:1:      wander_arrival_chamber, layout_basic
D:2:      layout_basic, guppyfry_early_orc_mine
D:3:      layout_loops_ring, hangedman_decor_clover_reticule,
          nicolae_houndstooth_variations, uniq_natasha
D:4:      layout_rooms, ashenzari_altar_1, portal_sewer_entry_a,
          roderic_batcave, minmay_goblin_kobold_house
D:5:      layout_rooms, mainiacjoe_overflow_large_starburst
D:6:      layout_cave_pools, minmay_temple_entry_enclosed_plants,
          nicolae_letterblocks [nicolae_letter_subblock,
          nicolae_letter_subblock, nicolae_letter_subblock,
          nicolae_letter_subblock, nicolae_letter_subblock,
          nicolae_letter_subblock, nicolae_letter_subblock,
          nicolae_letter_subblock, nicolae_letter_subblock,
          nicolae_letter_subblock, nicolae_letter_subblock,
          nicolae_letter_subblock, nicolae_letter_subblock,
          nicolae_letter_subblock, nicolae_letter_subblock,
          nicolae_letter_subblock, nicolae_letter_subblock,
          nicolae_letter_subblock, nicolae_letter_subblock,
          nicolae_letter_subblock, nicolae_letter_subblock,
          nicolae_letter_subblock, nicolae_letter_subblock,
          nicolae_letter_subblock, nicolae_letter_subblock]
D:7:      wad_crossroads, layout_rooms, hellmonk_ghost_happy_afterlife,
          uniq_duvessa

Skill      XL: |  1  2  3  4  5  6  7  8  9 |
---------------+----------------------------+-----
Armour         | 2 3 5 |  5.2
Dodging        | 1 2 3 |  3.0
Short Blades   | 1 |  1.0
Long Blades    | 1 |  1.2
Axes           | 1 2 |  2.1
Maces & Flails | 1 2 3 4 6 |  6.6
Fighting       | 2 3 4 |  4.1
Stealth        | 1 |  1.1
Evocations     | 5 |  5.3
Throwing       | 1 |  1.3

Action                     |  1- 3 |  4- 6 |  7- 9 || total
---------------------------+-------+-------+-------++-------
  Melee: Club              |    64 |       |       ||    64
         Dagger            |    49 |       |       ||    49
         Hand axe          |    38 |    83 |       ||   121
         Falchion          |    27 |       |       ||    27
         Flail             |     4 |   119 |   312 ||   435
  Throw: Dart              |       |       |     8 ||     8
  Evoke: Wand              |       |     7 |       ||     7
    Use: Scroll            |       |     1 |     8 ||     9
   Stab: Distracted        |     1 |       |       ||     1
         Sleeping          |     1 |       |       ||     1
 Armour: Leather armour    |    80 |     9 |       ||    89
         Scale mail        |       |   112 |   228 ||   340
  Dodge: Dodged            |    58 |    61 |   135 ||   254

Table legend: (Time is in decaauts)
 A = Elapsed time spent in this place.
 B = Non-inter-level travel time spent in this place.
 C = Inter-level travel time spent in this place.
 D = Time resting spent in this place.
 E = Time spent auto-exploring this place.
 F = Levels seen in this place.
 G = Mean time per level.
                   A        B        C        D        E       F      G
               +--------+--------+--------+--------+--------+-----+--------+
         Total |   6610 |   6610 |      0 |   1758 |      0 |   8 |  826.2 |
       Dungeon |   6393 |   6393 |      0 |   1744 |      0 |   7 |  913.3 |
         Sewer |    216 |    216 |      0 |     14 |      0 |   1 |  216.0 |
               +--------+--------+--------+--------+--------+-----+--------+

Top non-repeatable levels by time:
     D:6: 1570 daAuts
     D:1: 1249 daAuts
     D:3: 1072 daAuts
     D:2: 884 daAuts
     D:4: 877 daAuts
     D:5: 695 daAuts
   Sewer: 216 daAuts
     D:7: 43 daAuts
